 Dungeon Crawl Stone Soup version 0.19.4-8-ga85b6b9 (webtiles) character file.

22969 StylePr0 the Unseen (level 12, 0/66 HPs)
             Began as a Spriggan Assassin on Feb 14, 2017.
             Was an Elder of Ashenzari.
             Slain by a sixfirhy (4 damage)
             ... summoned by an orc sorcerer
             ... on level 2 of the Orcish Mines.
             The game lasted 01:19:33 (22366 turns).

StylePr0 the Unseen (Spriggan Assassin)            Turns: 22366, Time: 01:19:33

Health: 0/66       AC: 13    Str:  8    XL:     12   Next: 67%
Magic:  0/13       EV: 21    Int: 12    God:    Ashenzari [****..]
Gold:   1991       SH:  0    Dex: 28    Spells: 0 memorised, 11 levels left

rFire  x . .     SeeInvis +     v - +2 short sword (venom)
rCold  + + .     Gourm    .     i - +0 ice dragon scales
rNeg   . . .     Faith    .     (shield restricted)
rPois  .         Spirit   +     (helmet restricted)
rElec  .         Reflect  .     d - +0 cloak
rCorr  .         Harm     .     (gloves unavailable)
MR     ++...     Clarity  +     (boots unavailable)
Stlth  +++++.....               n - amulet of guardian spirit (curse)
                                o - +3 ring of protection
                                h - +6 ring of dexterity (curse)

@: very quick
A: unfitting armour, see invisible, herbivore 3, speed 3, sense surroundings 1,
slow metabolism 2
a: Curse Item, Scrying, Renounce Religion


You were on level 2 of the Orcish Mines.
You worshipped Ashenzari.
Ashenzari was greatly pleased with you.
You were not hungry.

You visited 5 branches of the dungeon, and saw 21 of its levels.

You collected 2061 gold pieces.
You spent 70 gold pieces at shops.

Inventory:

Hand Weapons
 a - a +2 dagger of venom
 b - a +0 blowgun
 v - a +2 short sword of venom (weapon)
 P - a +1 dagger of chaos
Missiles
 e - 30 poisoned needles
 f - 6 curare-tipped needles
 k - 7 needles of paralysis
 u - 4 silver tomahawks
 U - 18 tomahawks (quivered)
Armour
 c - a +1 robe
 d - a +0 cloak (worn)
 i - +0 ice dragon scales (worn)
Jewellery
 h - a cursed +6 ring of dexterity (left hand)
 j - an uncursed ring of wizardry
 n - a cursed amulet of guardian spirit (around neck)
 o - a +3 ring of protection (right hand)
Wands
 F - a wand of slowing (19/48)
 K - a wand of paralysis (18/24)
 N - a wand of random effects (25/48)
 Q - a wand of teleportation (6/9)
Scrolls
 m - 11 scrolls of identify
 q - a scroll of summoning {unknown}
 t - 5 scrolls of teleportation
 w - 4 scrolls of fog
 y - 2 scrolls of recharging
 B - 3 scrolls of enchant armour
 D - 4 scrolls of amnesia
 E - 2 scrolls of enchant weapon
 M - a scroll of remove curse
Potions
 l - a potion of ambrosia
 x - a potion of lignification
 G - a potion of haste
 L - a potion of invisibility
 T - a potion of agility
Books
 p - a book of Callings

   Spells                             Type                      Level
   a - Summon Small Mammal            Summoning                    1
   b - Call Imp                       Summoning                    2
   c - Call Canine Familiar           Summoning                    3
   d - Summon Guardian Golem          Hexes/Summoning              3
   e - Summon Lightning Spire         Summoning/Air                4
   f - Summon Ice Beast               Ice/Summoning                4
 r - a book of Conjurations

   Spells                             Type                      Level
   a - Magic Dart                     Conjuration                  1
   b - Searing Ray                    Conjuration                  2
   c - Dazzling Spray                 Conjuration/Hexes            3
   d - Fulminant Prism                Conjuration/Hexes            4
   e - Iskenderun's Mystic Blast      Conjuration                  4
   f - Iskenderun's Battlesphere      Conjuration/Charms           5
 I - a book of Flames

   Spells                             Type                      Level
   a - Flame Tongue                   Conjuration/Fire             1
   b - Throw Flame                    Conjuration/Fire             2
   c - Conjure Flame                  Conjuration/Fire             3
   d - Inner Flame                    Hexes/Fire                   3
   e - Sticky Flame                   Conjuration/Fire             4
   f - Fireball                       Conjuration/Fire             5
 R - a book of Cantrips

   Spells                             Type                      Level
   a - Confusing Touch                Hexes                        1
   b - Animate Skeleton               Necromancy                   1
   c - Summon Small Mammal            Summoning                    1
   d - Apportation                    Translocation                1
Comestibles
 g - 2 bread rations
 s - a royal jelly


   Skills:
 + Level 9.0 Fighting
 + Level 10.1 Short Blades
 - Level 8.1 Throwing
 * Level 14.1 Dodging
 + Level 16.1 Stealth


You had 11 spell levels left.
You didn't know any spells.

Dungeon Overview and Level Annotations

Branches:
Dungeon (12/15)            Temple (1/1) D:7            Lair (5/6) D:11
 Spider (1/4) Lair:3          Orc (2/2) D:10            Elf (0/3) Orc:2
  Swamp: Lair:2-4    Shoals: Lair:2-4     Slime: Lair:5-6

Altars:
Ashenzari
Cheibriados
Dithmenos
Elyvilon
Gozag
Hepliaklqana
Kikubaaqudgha
Makhleb
Nemelex Xobeh
Okawaru
Qazlal
Ru
Sif Muna
Trog
Uskayaw
Vehumet
Xom
Yredelemnul
Zin
The Shining One
Beogh

Shops:
D:7 }   D:9 }   Orc:1 !   Orc:2 [


Innate Abilities, Weirdness & Mutations

You are very small and have problems with some larger weapons.
You are too small for most types of armour.
You have supernaturally acute eyesight. (SInv)
You are a herbivore.
You cover ground extremely quickly.
You need consume almost no food.
You passively map a small area around you.


Message History

Beogh smites you!
You hear a shout! x3
You closely miss the sixfirhy.
The sixfirhy is moderately wounded.
The orc high priest mumbles some strange prayers.
The orc sorcerer casts a spell.
You see a puff of smoke.
You hit the sixfirhy.
The sixfirhy looks as sick as possible!
The sixfirhy is moderately wounded.
The orc priest calls down the wrath of Beogh upon you.
Beogh smites you!
* * * LOW HITPOINT WARNING * * *
You hear a shout! x2
The sixfirhy hits you!
* * * LOW HITPOINT WARNING * * *
The sixfirhy shocks you!
* * * LOW HITPOINT WARNING * * *
The sixfirhy misses you. The sixfirhy hits you.
You die...

..o. ,, , , * oo#{, ,, , , ##oo##
{{,.. ,, , #o{{{# ,..., *, *
#)#{o.oo.#.#,, , , #.##.....#.#
,, * * ####### #..###...#.#{{{ *
##.##..#####.3######.# * *, **
#........# ##.@.####.####...
##.......# ###..)........#*
##.......# ######.######
###.#......###########.##########
#..........................#.....
.................................
.................................
.................................
#..)##...........................


You could see a sixfirhy.

Vanquished Creatures
  Snorg (Orc:1)
  Erolcha (D:11)
  Sonja (Orc:2)
  An unseen horror (D:10)
  A hill giant (D:11)
  3 orb spiders (Spider:1)
  The ghost of StylePr0 the Covert, a novice SpEn of Ashenzari (D:7)
  2 orc sorcerers (Orc:2)
  3 elephants (Lair:4)
  2 black mambas
  A gargoyle (D:10)
  Psyche (D:8)
  6 spiny frogs
  4 komodo dragons
  A yaktaur (D:10)
  A jumping spider (Spider:1)
  2 trolls (Orc:2)
  A two-headed ogre (D:10)
  Prince Ribbit (D:7)
  4 hippogriffs
  A dream sheep (Lair:4)
  2 redbacks (Spider:1)
  Sigmund (D:4)
  A tarantella (Spider:1)
  3 wyverns
  7 yaks
  A steam dragon (Lair:4)
  3 basilisks
  A hungry ghost (D:10)
  4 wargs
  4 water moccasins
  Edmund (D:6)
  3 ice beasts
  A porcupine (Lair:1)
  7 orc warriors
  2 sky beasts
  4 necrophages (D:11)
  8 ogres
  A wolf (Lair:4)
  4 centaurs
  6 crocodiles
  11 bullfrogs
  A big kobold (D:8)
  A wyvern zombie (D:10)
  2 scorpions
  13 killer bees
  4 wights (D:11)
  2 electric eels
  4 crimson imps
  2 bullfrog zombies (D:11)
  Crazy Yiuf (D:4)
  3 iguanas
  6 orc priests
  2 quasits
  7 hounds
  2 jellies
  20 orc wizards
  A centaur skeleton (D:8)
  2 bullfrog skeletons
  3 worker ants
  A hound skeleton (D:6)
  A mummy (D:11)
  2 worker ant zombies
  4 gnolls (D:6)
  10 adders
  A river rat (D:11)
  2 shadow imps
  An ooze (D:3)
  An adder zombie (D:8)
  An adder skeleton (D:6)
  4 worms
  4 dart slugs
  2 leopard geckos
  64 orcs
  14 bats
  7 giant cockroaches
  2 gnoll zombies (D:9)
  6 goblins
  6 hobgoblins
  5 jackals
  12 kobolds
  3 quokkas
  2 ball pythons
  6 frilled lizards
  A quokka skeleton (D:6)
  6 rats
358 creatures vanquished.

Vanquished Creatures (others)
  A killer bee (D:11)
  48 fungi
  13 plants
62 creatures vanquished.

Grand Total: 420 creatures vanquished

Notes
Turn   | Place    | Note
-------+----------+-------------------------------------------
     0 | D:1      | StylePr0 the Spriggan Assassin began the quest for the Orb.
     0 | D:1      | Reached XP level 1. HP: 10/10 MP: 2/2
    34 | D:1      | Reached skill level 6 in Stealth
   105 | D:1      | Reached XP level 2. HP: 6/15 MP: 3/3
   438 | D:1      | Found a snail-covered altar of Cheibriados.
   631 | D:1      | You fall through a shaft!
  1022 | D:2      | Reached XP level 3. HP: 12/18 MP: 2/4
  1789 | D:3      | Reached skill level 7 in Stealth
  1819 | D:3      | Reached XP level 4. HP: 23/23 MP: 5/5
  2077 | D:3      | Found an opulent altar of Gozag.
  2098 | D:3      | Found a sacrificial altar of Ru.
  2101 | D:3      | Found a shimmering altar of Xom.
  2104 | D:3      | Found a stormy altar of Qazlal.
  2665 | D:4      | Noticed Sigmund
  3001 | D:4      | Noticed a bullfrog
  3009 | D:4      | Reached XP level 5. HP: 26/26 MP: 6/6
  3025 | D:4      | Reached skill level 8 in Stealth
  3250 | D:4      | Killed Sigmund
  3250 | D:4      | Reached XP level 6. HP: 32/32 MP: 7/7
  3280 | D:4      | Found a runed door.
  3503 | D:4      | Noticed Crazy Yiuf
  3522 | D:4      | Killed Crazy Yiuf
  3832 | D:5      | Entered Level 5 of the Dungeon
  3863 | D:5      | Noticed a sky beast
  3867 | D:5      | Killed a sky beast
  3867 | D:5      | Reached skill level 9 in Stealth
  3867 | D:5      | Reached XP level 7. HP: 30/35 MP: 8/8
  4330 | D:5      | Reached skill level 5 in Dodging
  4693 | D:6      | Found a glowing golden altar of the Shining One.
  4859 | D:6      | Reached skill level 10 in Stealth
  4869 | D:6      | Noticed a hungry ghost
  4976 | D:6      | Noticed Edmund
  5250 | D:6      | Killed Edmund
  5250 | D:6      | Reached XP level 8. HP: 40/40 MP: 9/9
  5949 | D:6      | Found a bloodstained altar of Trog.
  6107 | D:7      | Found a shadowy altar of Dithmenos.
  6203 | D:7      | Reached skill level 11 in Stealth
  6213 | D:7      | Noticed Prince Ribbit
  6255 | D:7      | Noticed StylePr0's ghost (novice SpEn)
  6572 | D:8      | Noticed Psyche
  6579 | D:8      | Killed Psyche
  6579 | D:8      | Reached skill level 5 in Short Blades
  6579 | D:8      | Reached skill level 5 in Throwing
  6853 | D:7      | Found Oschuejea's Gadget Emporium.
  6875 | D:7      | Killed Prince Ribbit
  6875 | D:7      | Reached XP level 9. HP: 45/45 MP: 10/10
  6895 | D:7      | Killed StylePr0's ghost
  6895 | D:7      | Reached skill level 12 in Stealth
  7105 | D:7      | Found a staircase to the Ecumenical Temple.
  7114 | Temple   | Entered the Ecumenical Temple
  7122 | Temple   | Became a worshipper of Ashenzari the Shackled
  7728 | D:8      | Reached * piety under Ashenzari
  7846 | D:8      | HP: 2/46 [hippogriff (7)]
  8216 | D:9      | Reached skill level 13 in Stealth
  8747 | D:9      | Found Jearol's Gadget Boutique.
  8981 | D:9      | Found a basalt altar of Yredelemnul.
  9044 | D:10     | Entered Level 10 of the Dungeon
  9176 | D:10     | Identified the cursed +0 flail "Zaocud" {crush, rPois Dex+2}
  9198 | D:10     | Reached skill level 5 in Fighting
  9326 | D:10     | Reached XP level 10. HP: 40/51 MP: 11/11
  9497 | D:10     | Found a staircase to the Orcish Mines.
  9515 | D:10     | HP: 2/51 [wyvern zombie (9)]
  9839 | D:10     | Noticed a gargoyle
  9842 | D:10     | Killed a gargoyle
  9842 | D:10     | Reached skill level 14 in Stealth
 10108 | D:10     | Noticed an unseen horror
 10136 | D:10     | Killed an unseen horror
 10945 | Orc:1    | Entered Level 1 of the Orcish Mines
 10945 | Orc:1    | Found Diodayny's Distillery.
 10973 | Orc:1    | Bought a potion of heal wounds for 70 gold pieces
 10982 | Orc:1    | Found a roughly hewn altar of Beogh.
 11080 | Orc:1    | Noticed an orc knight
 11095 | Orc:2    | Entered Level 2 of the Orcish Mines
 11095 | Orc:2    | Reached ** piety under Ashenzari
 11130 | D:11     | Found a staircase to the Lair.
 11177 | D:11     | Noticed a hill giant
 11203 | D:11     | Gained mutation: You regenerate slowly when monsters are visible. [potion of mutation]
 11795 | D:11     | Reached skill level 15 in Stealth
 12959 | D:11     | Killed a hill giant
 12959 | D:11     | Reached XP level 11. HP: 25/54 MP: 10/12
 13073 | Lair:1   | Entered Level 1 of the Lair of Beasts
 13154 | Lair:1   | Reached skill level 10 in Dodging
 14112 | Lair:1   | Noticed a six-headed hydra
 15270 | Lair:2   | Gained mutation: You are dopey. (Int -2) [potion of mutation]
 15270 | Lair:2   | Gained mutation: Your magical capacity is low. (-10% MP) [potion of mutation]
 15289 | Lair:2   | Lost mutation: You are dopey. (Int -2) [potion of cure mutation]
 15289 | Lair:2   | Lost mutation: You regenerate slowly when monsters are visible. [potion of cure mutation]
 15289 | Lair:2   | Lost mutation: Your magical capacity is low. (-10% MP) [potion of cure mutation]
 15739 | Lair:4   | Reached *** piety under Ashenzari
 16125 | Lair:3   | Found a hole to the Spider Nest.
 16161 | Spider:1 | Entered Level 1 of the Spider Nest
 16172 | Spider:1 | Noticed an orb spider
 16179 | Spider:1 | Killed an orb spider
 16217 | Spider:1 | Noticed an orb spider
 16224 | Spider:1 | Killed an orb spider
 16249 | Spider:1 | Gained mutation: You passively map a small area around you. [potion of beneficial mutation]
 16490 | Spider:1 | Noticed a wolf spider
 16630 | Spider:1 | Noticed an orb spider
 16665 | Spider:1 | Killed an orb spider
 17595 | Lair:4   | Reached XP level 12. HP: 47/65 MP: 13/13
 18412 | Lair:3   | HP: 3/65 [poisoned by a spiny frog]
 18825 | D:11     | Reached **** piety under Ashenzari
 19042 | D:11     | Noticed Erolcha
 19091 | D:11     | Killed Erolcha
 19770 | Orc:1    | Noticed Snorg
 19903 | Orc:1    | HP: 3/65 [Snorg (7)]
 19927 | Orc:1    | Killed Snorg
 21150 | Orc:2    | Found a staircase to the Elven Halls.
 21510 | Orc:2    | Reached skill level 10 in Short Blades
 21695 | Orc:2    | Reached skill level 16 in Stealth
 21739 | Orc:2    | Noticed Sonja
 21754 | Orc:2    | Killed Sonja
 22345 | Orc:2    | Found Xakh's Antique Armour Shop.
 22355 | Orc:2    | Noticed an orc high priest
 22366 | Orc:2    | Slain by a sixfirhy

Skill      XL: |  1  2  3  4  5  6  7  8  9 10 11 12 |
---------------+-------------------------------------+-----
Stealth        | 6 7 8 9 10 11 13 15 16 | 16.1
Dodging        | 2 3 4 5 6 8 9 11 14 | 14.1
Fighting       | 2 3 4 5 6 8 9 |  9.0
Throwing       | 3 4 5 6 7 8 |  8.1
Short Blades   | 3 4 5 6 7 9 10 | 10.1

Action                   |  1- 3 |  4- 6 |  7- 9 | 10-12 || total
-------------------------+-------+-------+-------+-------++-------
Melee: Dagger            |   167 |   121 |   769 |  1590 ||  2647
       Short sword       |       |       |       |    47 ||    47
 Fire: Blowgun           |    12 |    17 |    71 |    58 ||   158
Throw: Tomahawk          |       |       |       |    11 ||    11
Invok: Curse Item        |       |       |     3 |       ||     3
Evoke: Wand              |       |       |     1 |     1 ||     2
  Use: Scroll            |     6 |       |    11 |     6 ||    23
       Potion            |       |       |       |    22 ||    22
 Stab: Sleeping          |    13 |    10 |    31 |    42 ||    96
       Distracted        |     1 |       |       |    11 ||    12
       Paralysed         |       |       |     3 |     4 ||     7
       Confused          |       |       |     1 |    11 ||    12
       Petrifying        |       |       |       |     8 ||     8
       Petrified         |       |       |       |     1 ||     1
  Eat: Bread ration      |       |     1 |       |     3 ||     4
       Pizza             |       |       |     2 |     1 ||     3
       Fruit             |       |       |     3 |     2 ||     5
Armor: Robe              |    30 |    28 |    73 |    44 ||   175
       Ice dragon scales |       |       |       |   127 ||   127
Dodge: Dodged            |   106 |   124 |   549 |  1202 ||  1981
